cohdb
Replays
Latest Replays
All Replays
Popular Replays
Top Player Replays
Match Explorer
How It Works
Community
CoH3 Stats
Reddit
Sign in to upload your games and track your stats! →
Sign in with Steam
Match 42455208
Unlisted
Match 42455208
Overview
Messages
Build Orders
End
Construct Barracks
Selects Advanced Infantry Battlegroup
Riflemen Squad
M1 Mortar Team
Riflemen Squad
Construct Weapon Support Center
Selects Ammunition Storage
Air Support Center
Engineer Squad
M3 Armored Personnel Carrier
Grasshopper Recon Run
M3 Armored Personnel Carrier
Engineer Squad
Construct Medical Station
Selects M2A1 105mm Howitzer Emplacement
Grenade Package
P-47 Strafing Run
Selects Free Fire Drills
Selects Convert to Ranger Squad
Selects Frontline Medical Station
Frontline Medical Station
Grasshopper Recon Run
P-47 Strafing Run
P-47 Strafing Run
Double Sortie
Particycles
banksss33
Milliam
Tenal Jan
1187
장민규
Silvio Guastatori
Staufer
0
0
Comments
sign in to comment!
No comments posted yet!